 Dungeon Crawl Stone Soup version 0.23-a0-650-ga4d50d4 (webtiles) character file.

104 4thArraOfDagon the Bolt Thrower (level 4, -1/33 HPs)
             Began as a Mummy Arcane Marksman on Jan 2, 2019.
             Was an Initiate of Cheibriados.
             Slain by Crazy Yiuf
             ... wielding a +3 quarterstaff of chaos
              (8 damage)
             ... while paralysed by Crazy Yiuf
             ... on level 2 of the Dungeon.
             The game lasted 00:04:01 (1810 turns).

4thArraOfDagon the Bolt Thrower (MuAM)              Turns: 1810, Time: 00:04:02

Health: -1/33      AC:  6    Str: 14    XL:     4   Next: 52%
Magic:  6/6        EV:  2    Int: 18    God:    Cheibriados [......]
Gold:   151        SH:  0    Dex: 13    Spells: 4/5 levels left

rFire    x . .     SeeInvis .   n - +2 dagger (venom)
rCold    + . .     Gourm    .   (no shield)
rNeg     + + +     Faith    .   g - +0 ring mail
rPois    ∞         Spirit   .   (no helmet)
rElec    .         Reflect  .   (no cloak)
rCorr    .         Harm     .   i - +0 pair of gloves
MR       .....                  (no boots)
Stlth    +.........             (no amulet)
HPRegen  0.11/turn              o - +4 ring of intelligence
MPRegen  0.10/turn              (no ring)

@: paralysed, very slightly contaminated, invisible, very slow
A: no food or potions, fire vulnerability, cold resistance 1, negative energy
resistance 3, torment resistance, unbreathing
a: Bend Time, Renounce Religion


You were on level 2 of the Dungeon.
You worshipped Cheibriados.
Cheibriados was noncommittal.
You were not hungry.

You visited 1 branch of the dungeon, and saw 3 of its levels.

You collected 151 gold pieces.

Inventory:

Hand Weapons
 a - a +0 hand crossbow
 c - a +3 dagger
 e - a +0 morningstar of freezing
 n - a +2 dagger of venom (weapon)
Missiles
 d - 53 bolts
Armour
 g - a +0 ring mail (worn)
 i - a +0 pair of gloves (worn)
Jewellery
 o - a +4 ring of intelligence (left hand)
Scrolls
 b - a scroll of enchant weapon
 f - a scroll of fog {unknown}
 h - a scroll of noise
 j - 3 scrolls of amnesia
 k - a scroll of blinking
 l - a scroll of immolation
 m - 2 scrolls of teleportation


   Skills:
 + Level 1.9 Fighting
 * Level 2.8 Crossbows
 + Level 1.1 Armour
 + Level 2.2 Dodging
 - Level 1.3 Spellcasting
 - Level 2.6 Hexes
 + Level 0.4 Invocations


You had 4 spell levels left.
You knew the following spells:

 Your Spells              Type           Power        Failure   Level  Hunger
a - Corona                Hex            ##.....      13%         1    N/A

Your spell library contained the following spells:

 Spells                   Type           Power        Failure   Level  Hunger
 Slow                     Hex            ##......     21%         2    N/A
 Inner Flame              Hex/Fire       #.......     56%         3    N/A
 Portal Projectile        Hex/Tloc       #.....       56%         3    N/A
 Cause Fear               Hex            ##........   78%         4    N/A
 Leda's Liquefaction      Hex/Erth       #.........   92%         4    N/A

Dungeon Overview and Level Annotations

Branches:
Dungeon (3/15)

Altars:
Ashenzari
Cheibriados
Hepliaklqana
Okawaru
Ru
Wu Jian
Xom

Annotations:
D:2 Crazy Yiuf


Innate Abilities, Weirdness & Mutations

You do not eat or drink.
Your flesh is vulnerable to fire.
You are immune to poison.
Your flesh is cold resistant. (rC+)
You are immune to negative energy. (rN+++)
You are immune to unholy pain and torment.
You can survive without breathing.


Message History

Press: ? - help, Shift-Dir - straight line, f/p - Crazy Yiuf
Aim: Crazy Yiuf, wielding a +3 quarterstaff of chaos and wearing a +2 cloak
Okay, then.
Wield which item (- for none, * to show all)? (? for menu, Esc to quit)
Your +2 dagger of venom begins to drip with poison!
n - a +2 dagger of venom (weapon)
Crazy Yiuf hits you with a +3 quarterstaff of chaos.
You suddenly lose the ability to move!
Crazy Yiuf barely misses you.
Crazy Yiuf hits you with a +3 quarterstaff of chaos.
You convulse!
Crazy Yiuf screams, "Tosser verde broken!"
Crazy Yiuf hits you with a +3 quarterstaff of chaos.
Crazy Yiuf burns you.
Crazy Yiuf hits you with a +3 quarterstaff of chaos.
* * * LOW HITPOINT WARNING * * *
You fade into invisibility!
You are very lightly contaminated with residual magic.
Crazy Yiuf hits you with a +3 quarterstaff of chaos!
You die...

#........#.....)......#.##
#.########............#..##
#.# #................# #.#
##########.......# #.#
#...#.#.## #.# #!..#.....
#.###♣♣ ### #...####..
#.....♣♣ ♣♣#..)# #..#......
#....P.♣♣♣♣@g.((#
#..#####..
##......♣..♣#...# #..# #..
##..P.♣.♣♣♣ ### #### ###
###♣♣♣♣♣ # # # # # #


You could see Crazy Yiuf.

Vanquished Creatures
  A crimson imp (D:3)
  An adder (D:2)
  3 dart slugs
  9 orcs (D:3)
  4 giant cockroaches
  6 goblins
  4 hobgoblins
  6 kobolds
  2 bats
  4 frilled lizards
  5 rats
45 creatures vanquished.

Notes
Turn   | Place    | Note
-------+----------+-------------------------------------------
     0 | D:1      | 4thArraOfDagon the Mummy Arcane Marksman began the quest
                  | for the Orb.
     0 | D:1      | Reached XP level 1. HP: 15/15 MP: 2/2
   173 | D:2      | Reached XP level 2. HP: 19/21 MP: 4/4
   250 | D:3      | Found a sacrificial altar of Ru.
   256 | D:3      | Became a worshipper of Ru the Awakened
   503 | D:2      | Reached XP level 3. HP: 7/26 MP: 5/5
   599 | D:2      | Found a shimmering altar of Xom.
   601 | D:2      | Found an iron altar of Okawaru.
   601 | D:2      | Found a hazy altar of Hepliaklqana.
   603 | D:2      | Found an iron altar of Okawaru.
   603 | D:2      | Found an ornate altar of the Wu Jian Council.
   603 | D:2      | Found a shattered altar of Ashenzari.
   929 | D:1      | You fall through a shaft!
  1345 | D:3      | Found a snail-covered altar of Cheibriados.
  1361 | D:3      | Fell from the grace of Ru
  1361 | D:3      | Became a worshipper of Cheibriados the Contemplative
  1449 | D:3      | Reached skill level 1 in Armour
  1449 | D:3      | Reached XP level 4. HP: 33/33 MP: 6/6
  1798 | D:2      | Found a runed door.
  1803 | D:2      | Noticed Crazy Yiuf
  1806 | D:2      | Paralysed by Crazy Yiuf for 4 turns
  1810 | D:2      | Slain by Crazy Yiuf

Vault maps used:
D:1:      shiori_shiawase
D:2:      doesnt_xom_only_xom, minmay_distorted, uniq_crazy_yiuf_cottage
D:3:      nicolae_ru_the_path_less_chosen, lemuel_round_altar

Skill      XL: |  1  2  3 |
---------------+----------+-----
Crossbows      | 2 |  2.8
Dodging        | 2 |  2.2
Armour         | 1 |  1.1
Fighting       | |  1.9
Spellcasting   | |  1.3
Hexes          | |  2.6
Invocations    | |  0.4

Action                   |  1- 3 |  4- 6 || total
-------------------------+-------+-------++-------
Melee: Dagger            |    93 |     2 ||    95
 Fire: Hand crossbow     |    16 |    20 ||    36
  Use: Scroll            |     8 |       ||     8
 Stab: Sleeping          |     1 |       ||     1
Armor: Robe              |    10 |       ||    10
       Ring mail         |    25 |       ||    25
Dodge: Dodged            |    67 |     8 ||    75

Table legend:
 A = Non-vault XP
 B = Vault XP
 C = Vault XP percentage of total XP
 D = Non-vault monster count
 E = Vault monster count
 F = Vault count percentage of total count
                 A         B        C        D         E       F
            +---------+---------+-------+---------+---------+-------
      Total |     145 |       4 |   2.7 |      43 |       2 |   4.4
            +---------+---------+-------+---------+---------+-------
        D:1 |      25 |       0 |   0.0 |      14 |       0 |   0.0
        D:2 |      28 |       4 |  12.5 |       9 |       2 |  18.2
        D:3 |      92 |       0 |   0.0 |      20 |       0 |   0.0
            +---------+---------+-------+---------+---------+-------
